 Dungeon Crawl Stone Soup version 0.32-a0-720-g1d96ad090f (webtiles) character file.

Game seed: 5949237047116277425

265 Ajdolov the Shooter (level 6, -5/43 HPs)
             Began as a Ghoul Hunter on Mar 16, 2024.
             Was a Follower of Hepliaklqana.
             Slain by a wight
             ... wielding a +4 mace of freezing
              (10 damage)
             ... on level 5 of the Dungeon.
             The game lasted 00:07:04 (3872 turns).

Ajdolov the Shooter (Ghoul Hunter)                  Turns: 3872, Time: 00:07:06

Health: -5/43      AC:  3    Str: 14 (15) XL:     6   Next: 20%
Magic:  6/6        EV: 10    Int:  8      God:    Hepliaklqana [*.....]
Gold:   189        SH:  0    Dex: 14      Spells: 5/5 levels left

rFire   . . .        a - +0 shortbow
rCold   + . .        (shield currently unavailable)
rNeg    + + +        c - +0 leather armour
rPois   ∞            (no helmet)
rElec   .            (no cloak)
rCorr   .            (no gloves)
SInv    .            (no boots)
Will    .....        (no amulet)
Stlth   +            (no ring)
HPRegen 0.00/turn    (no ring)
MPRegen 0.10/turn

%: no passive effects
@: inhibited regen
A: reduced essence, claws 1, cold resistance 1, negative energy resistance 3,
inhibited regeneration, torment resistance 2, devour on kill
a: Renounce Religion, Recall Ancestor, Ancestor Identity


You were on level 5 of the Dungeon.
You worshipped Hepliaklqana.
Hepliaklqana was aware of your devotion.
You visited 2 branches of the dungeon, and saw 6 of its levels.

You collected 189 gold pieces.

Inventory:

Hand Weapons
 a - a +0 shortbow (weapon)
 t - the +1 whip "Urpho" {freeze, rElec rCorr}
   (You found it on level 2 of the Dungeon)

   rElec:     It insulates you from electricity.
   rCorr:     It protects you from acid and corrosion.
Armour
 c - a +0 leather armour (worn)
Wands
 u - a wand of quicksilver (5)
Scrolls
 b - a scroll of butterflies
 e - 2 scrolls of fog {unknown}
 f - a scroll of vulnerability {unknown}
 g - a scroll of acquirement {unknown}
 j - 3 scrolls of fear {unknown}
 m - 3 scrolls of teleportation {unknown}
 n - 2 scrolls of identify {unknown}
 r - a scroll of enchant weapon {unknown}
 v - a scroll of poison {unknown}
Potions
 d - a potion of haste {unknown}
 h - 2 potions of mutation
 i - a potion of brilliance {unknown}
 k - 2 potions of curing {unknown}
 l - a potion of degeneration {unknown}
 o - a potion of heal wounds {unknown}
 p - 2 potions of ambrosia {unknown}
 q - 2 potions of lignification {unknown}
 s - 2 potions of enlightenment {unknown}
 w - a potion of resistance {unknown}
 x - 2 potions of cancellation {unknown}


   Skills:
 - Level 2.1 Fighting
 * Level 6.6 Ranged Weapons
 - Level 1.7 Dodging
 - Level 1.1 Stealth


You had 5 spell levels left.
You didn't know any spells.
Your spell library contained the following spells:

 Spells                   Type           Power      Damage    Failure   Level
 Sting                    Conj/Alch      0%         1d3       50%         1
 Mercury Vapours          Alch/Air       0%         N/A       63%         2
 Call Canine Familiar     Summ           0%         N/A       86%         3
 Sigil of Binding         Hex            0%         N/A       86%         3
 Dimensional Bullseye     Hex/Tloc       0%         N/A       99%         4
 Olgreb's Toxic Radiance  Alch           0%         N/A       99%         4
 Alistair's Intoxication  Alch           0%         N/A       100%        5
 Borgnjor's Vile Clutch   Necr/Erth      0%         N/A       100%        5
 Eringya's Noxious Bog    Alch           0%         4d6       100%        6


Dungeon Overview and Level Annotations

Branches:
Dungeon (5/15)             Temple (1/1) D:4

Altars:
Ashenzari
Cheibriados
Dithmenos
Fedhas
Hepliaklqana
Kikubaaqudgha
Makhleb
Nemelex Xobeh
Okawaru
Qazlal
Ru
Sif Muna
Trog
Uskayaw
Vehumet
Wu Jian
Yredelemnul

Annotations:
D:5 exclusion: ogre


Innate Abilities, Weirdness & Mutations

Your life essence is reduced to manifest your ancestor. (-10% HP)
You are immune to poison.
You have sharp fingernails.
Your flesh is cold resistant. (rC+)
You are immune to negative energy. (rN+++)
You do not regenerate when monsters are visible.
You are immune to unholy pain and torment.
You thrive by killing the living.


Message History

Voilan hits the wight but does no damage.
You shoot an arrow. The arrow hits the wight!
The wight is heavily damaged.
You shoot an arrow. The arrow hits the wight.
The wight is severely damaged.
You shoot an arrow. The arrow completely misses the wight.
Voilan avoids your attack.
You shoot an arrow. The arrow completely misses the wight.
The arrow hits the wight but does no damage.
The wight completely misses you.
Voilan hits the wight but does no damage.
You shoot an arrow. The arrow barely misses the wight.
Voilan avoids your attack. The wight hits you but does no damage.
The wight closely misses you.
You shoot an arrow.
The arrow hits the wight but does no damage.
The wight is severely damaged.
The wight closely misses you.
The wight hits Voilan with a +0 hand axe.
Voilan hits the wight.
The wight closely misses you.
You shoot an arrow. The arrow barely misses the wight.
Voilan avoids your attack. The wight hits you with a +0 hand axe!
The wight completely misses Voilan.
Voilan barely misses the wight.
The wight hits you with a +4 mace of freezing!
The wight freezes you.
You shoot an arrow. The arrow completely misses the wight.
Voilan avoids your attack. The wight hits you with a +0 hand axe.
The wight hits Voilan with a +0 hand axe.
Voilan barely misses the wight.
The wight hits you with a +4 mace of freezing.
The wight freezes you. The wight hits you with a +0 hand axe!
* * * LOW HITPOINT WARNING * * *
The wight closely misses Voilan.
It was a potion of mutation.
You feel extremely strange.
Your body decomposes!
You feel weakened.
Voilan hits the wight but does no damage.
The wight hits you with a +4 mace of freezing!
You die...
Hepliaklqana delivers you to your ancestors.

#..................
.....####'#.........
.......#. #.##.####...
.......... #.##.########
....#+###.##.##.........
...........#.##.........
..zz................>
###'#...z........
###......Rz@.......
#.'................
#.#......#...).....
...#......+.........
...#.#......##.#+####.
+....#.....#####..
.........#.# #...
.........#.. .....
.............


You could see the friendly Voilan the ancestor and 2 wights.

Vanquished Creatures
  A jelly (D:4)
  An orc priest (D:3)
  An iguana (D:4)
  A sleepcap (D:4)
  3 gnolls (D:4)
  3 adders
  4 dart slugs
  11 orcs
  6 endoplasms
  2 giant cockroaches
  7 goblins
  9 hobgoblins
  3 quokkas
  2 ball pythons (D:3)
  4 bats (D:1)
  5 frilled lizards
  8 kobolds
  7 rats
78 creatures vanquished.

Notes
Turn   | Place    | Note
-------+----------+-------------------------------------------
     0 | D:1      | Ajdolov the Ghoul Hunter began the quest for the Orb.
     0 | D:1      | Reached XP level 1. HP: 17/17 MP: 1/1
   116 | D:1      | Reached skill level 4 in Ranged Weapons
   116 | D:1      | Reached XP level 2. HP: 20/24 MP: 2/2
   518 | D:1      | Reached XP level 3. HP: 29/29 MP: 3/3
  1074 | D:2      | Identified the +1 whip "Urpho" {freeze, rElec rCorr}
  1091 | D:2      | Reached skill level 5 in Ranged Weapons
  1091 | D:2      | Reached XP level 4. HP: 33/36 MP: 4/4
  1211 | D:2      | Found a faded altar of an unknown god.
  1821 | D:3      | Reached XP level 5. HP: 41/41 MP: 5/5
  2123 | D:3      | Found a stormy altar of Qazlal.
  2307 | D:4      | Found a staircase to the Ecumenical Temple.
  2316 | Temple   | Entered the Ecumenical Temple
  2387 | Temple   | Became a worshipper of Hepliaklqana the Forgotten
  2946 | D:4      | Reached skill level 6 in Ranged Weapons
  3113 | D:4      | Reached XP level 6. HP: 32/48 MP: 6/6
  3188 | D:4      | Found an iron altar of Okawaru.
  3188 | D:4      | Found a sacrificial altar of Ru.
  3820 | D:5      | Entered Level 5 of the Dungeon
  3820 | D:5      | Reached * piety under Hepliaklqana
  3872 | D:5      | Slain by a wight

Illustrated notes

Levels and vault maps discovered:
D:1:      tarquinn_simple_flora_water_e, layout_basic
D:2:      minmay_inner_zag, layout_rooms, chequers_ecumenical_altar_twisty,
          st_stairs_2
D:3:      layout_loops_ring, mainiacjoe_overflow_alcove_4
D:4:      layout_cave_pods, gammafunk_temple_overflow_elements,
          minmay_temple_entry_wispy
D:5:      layout_basic, gammafunk_ghost_grave, nicolae_shop_overcharged_wands
Temple:   minmay_temple_bridge_d

Skill      XL: |  1  2  3  4  5 |
---------------+----------------+-----
Ranged Weapons | 4 5 6 |  6.6
Fighting       | |  2.1
Dodging        | |  1.7
Stealth        | |  1.1

Action                     |  1- 3 |  4- 6 || total
---------------------------+-------+-------++-------
   Fire: Shortbow          |    92 |   189 ||   281
 Invoke: Ancestor Identity |       |     1 ||     1
  Evoke: Wand              |       |     3 ||     3
    Use: Potion            |       |     1 ||     1
 Armour: Leather armour    |    16 |    41 ||    57
  Dodge: Dodged            |    22 |    35 ||    57

Table legend: (Time is in decaauts)
 A = Elapsed time spent in this place.
 B = Non-inter-level travel time spent in this place.
 C = Inter-level travel time spent in this place.
 D = Time resting spent in this place.
 E = Time spent auto-exploring this place.
 F = Levels seen in this place.
 G = Mean time per level.
                   A        B        C        D        E       F      G
               +--------+--------+--------+--------+--------+-----+--------+
         Total |   3925 |   3304 |    621 |     93 |   2303 |   6 |  654.2 |
       Dungeon |   3782 |   3301 |    481 |     93 |   2303 |   5 |  756.4 |
        Temple |    142 |      2 |    140 |      0 |      0 |   1 |  142.0 |
               +--------+--------+--------+--------+--------+-----+--------+

Top non-repeatable levels by time:
     D:3: 1085 daAuts
     D:4: 950 daAuts
     D:1: 896 daAuts
     D:2: 797 daAuts
  Temple: 142 daAuts
     D:5: 52 daAuts
